 Dungeon Sprint DCSS version 0.31-a0-700-gf13585253f (webtiles) character file.

Game seed: 8500133886016006215

1199 rocky1 the Martial Artist (level 8, -2/58 HPs)
             Began as a Djinni Shapeshifter on Sept 7, 2023.
             Was an Initiate of Gozag.
             Slain by a troll (14 damage)
             ... in the Dungeon (Sprint IX: "|||||||||||||||||||||||||||||").
             The game lasted 00:02:16 (697 turns).

rocky1 the Martial Artist (Djinni Shapeshifter)      Turns: 697, Time: 00:02:17

Health: -2/58      AC:  7    Str: 13    XL:     8   Next: 72%
Gold:   358        EV: 14    Int: 13    God:    Gozag SH:  0 Dex: 20

rFire   + +          .
                       - Unarmed
rCold   x . .        (no shield)
rNeg    . . .        m - +2 ring mail
rPois   ∞            (helmet currently unavailable)
rElec   .            (cloak currently unavailable)
rCorr   .            (gloves currently unavailable)
SInv    .            (boots unavailable)
Will    .....        (no amulet)
Stlth   +            n - +3 ring of dexterity
HPRegen 0.29/turn    o - +3 ring of dexterity
MPRegen 0.00/turn

%: no teleportation, infuse magic (-3 HP)
@: beast-form, flying
A: beast (slay +4), flying, sickness immunity, fire resistance 2, cold
vulnerability 1, float, innate caster, HP casting, extra vitality 1
a: Begin Untransformation, Renounce Religion, Potion Petition, Call Merchant,
Bribe Branch


You were in the Dungeon.
You worshipped Gozag.
Gozag was aware of your devotion.
You were a hulking beast.
You visited 1 branch You collected 558 gold pieces.
You paid 200 gold pieces to Gozag.

Inventory:

Missiles
 h - a curare-tipped dart
Armour
 a - a +0 animal skin
 k - a +0 cloak
 l - a +0 helmet
 m - a +2 ring mail (worn)
Jewellery
 n - a +3 ring of dexterity (left hand)
 o - a +3 ring of dexterity (right hand)
Talismans
 c - a beast talisman (active)
 d - a flux talisman
Wands
 j - a wand of acid (10)
Scrolls
 i - 2 scrolls of blinking
Potions
 b - a potion of invisibility
 e - 3 potions of curing


   Skills:
 * Level 4.1 Fighting
 + Level 2.7 Armour
 + Level 6.6 Dodging
 - Level 0.8 Stealth
 + Level 12.7 Unarmed Combat
 * Level 9.6 Shapeshifting


You knew the following spells:

 Your Spells              Type           Power      Damage    Failure   Level
a - Foxfire               Conj/Fire      0%         2x1d4     54%         1
b - Searing Ray           Conj           0%         2d4       67%         2
c - Poisonous Vapours     Pois/Air       0%         N/A       67%         2
Your spell library was empty.

Dungeon Overview and Level Annotations

Branches:
Dungeon (1/1)

Altars:
Cheibriados
Dithmenos
Elyvilon
Fedhas
Gozag
Hepliaklqana
Makhleb
Nemelex Xobeh
Okawaru
Qazlal
Ru
Trog
Uskayaw
Wu Jian
Xom
Yredelemnul
Zin
The Shining One
Jiyva
Lugonu


Innate Abilities, Weirdness & Mutations

You are a hulking beast.
Your limbs bulge with bestial killing power. (Slay +4)
You are flying.
You are immune to sickness and miasma.
You are immune to poison.
Your flesh is very heat resistant. (rF++)
You are vulnerable to cold. (rC-)
You float through the air rather than walking.
You learn spells naturally, not from books.
Your magical power is your life essence.
You have superior vitality. (+4 MHP)


Message History

[b] - 225 gold - brilliance and heal wounds [c] - 200 gold - heal wounds and curing Purchase which effect?
You no longer have enough gold to petition Gozag for potion effects.
You feel much better.
You feel better.
You punch the troll!
The troll is moderately wounded.
The troll closely misses you. The troll claws you! x2
You punch the troll!
The troll is heavily wounded.
The troll closely misses you. The troll claws you! The troll claws you.
You barely miss the troll. Your punch misses the troll.
The troll is heavily wounded.
You hit the troll but do no damage.
The troll is heavily wounded.
The troll bites you. The troll closely misses you.
The troll claws you but does no damage.
You closely miss the troll.
The troll is heavily wounded.
The troll bites you! The troll claws you. x2
* * * LOW HITPOINT WARNING * * *
You punch the troll!
The troll is severely wounded.
The troll bites you but does no damage. The troll barely misses you.
The troll closely misses you.
You hit the troll.
The troll is severely wounded.
You hit the troll.
The troll is almost dead.
The troll bites you but does no damage. The troll closely misses you.
The troll claws you!
* * * LOW HITPOINT WARNING * * *
Okay, then.
You feel better. The troll closely misses you. The troll claws you!
* * * LOW HITPOINT WARNING * * *
The troll claws you.
* * * LOW HITPOINT WARNING * * *
You feel better. The troll bites you!
You die...
Your body crumbles into a pile of gold.

▓▓▓
▓<▓
▓.▓
▓.▓
▓h▓
▓T▓
▓W▓
▓o▓
▓.▓
▓.▓
▓.▓
▓'▓
▓.▓


You could see a troll, a wraith and an orc wizard.

Vanquished Creatures
  2 trolls (D)
  A shadow (D)
  A wyvern (D)
  2 centaurs (D)
  A phantom (D)
  A kobold brigand (D)
  2 howler monkeys (D)
  A jelly (D)
  An orc wizard (D)
  An adder (D)
  A ball python (D)
  A bat (D)
  A hobgoblin (D)
  A quokka (D)
  A frilled lizard (D)
18 creatures vanquished.

Notes
Turn   | Place    | Note
-------+----------+-------------------------------------------
     0 | D        | rocky1 the Djinni Shapeshifter began the quest for the Orb.
     0 | D        | Reached XP level 1. HP: 17/17 MP: 0/0
    13 | D        | Reached XP level 2. HP: 21/22 MP: 0/0
    20 | D        | Noticed a howler monkey
    20 | D        | Noticed a howler monkey
    20 | D        | Noticed a phantom
    27 | D        | Killed a howler monkey
    28 | D        | Reached skill level 5 in Unarmed Combat
    28 | D        | Reached XP level 3. HP: 27/27 MP: 0/0
    28 | D        | Learned a level 1 spell: Foxfire
    34 | D        | Reached skill level 5 in Shapeshifting
    34 | D        | Reached XP level 4. HP: 32/32 MP: 0/0
    36 | D        | Reached skill level 6 in Unarmed Combat
    38 | D        | Killed a phantom
    39 | D        | Reached skill level 7 in Unarmed Combat
    39 | D        | Reached XP level 5. HP: 37/37 MP: 0/0
    39 | D        | Learned a level 2 spell: Searing Ray
    41 | D        | Reached skill level 8 in Unarmed Combat
    41 | D        | Reached XP level 6. HP: 43/43 MP: 0/0
   349 | D        | Found a snail-covered altar of Cheibriados.
   349 | D        | Found a shadowy altar of Dithmenos.
   349 | D        | Found a white marble altar of Elyvilon.
   349 | D        | Found a blossoming altar of Fedhas.
   349 | D        | Found an opulent altar of Gozag.
   350 | D        | Found a hazy altar of Hepliaklqana.
   351 | D        | Found a viscous altar of Jiyva.
   353 | D        | Found a corrupted altar of Lugonu.
   354 | D        | Found a burning altar of Makhleb.
   355 | D        | Found a sparkling altar of Nemelex Xobeh.
   356 | D        | Found an iron altar of Okawaru.
   357 | D        | Became a worshipper of Gozag Ym Sagoz the Greedy
   358 | D        | Found a stormy altar of Qazlal.
   359 | D        | Found a sacrificial altar of Ru.
   361 | D        | Found a bloodstained altar of Trog.
   362 | D        | Found a hide-covered altar of Uskayaw.
   364 | D        | Found an ornate altar of the Wu Jian Council.
   365 | D        | Found a shimmering altar of Xom.
   366 | D        | Found a basalt altar of Yredelemnul.
   367 | D        | Found a glowing silver altar of Zin.
   368 | D        | Found a glowing golden altar of the Shining One.
   409 | D        | Noticed a shadow
   409 | D        | Noticed a troll
   409 | D        | Noticed a wyvern
   418 | D        | Killed a shadow
   419 | D        | Reached skill level 9 in Unarmed Combat
   426 | D        | Killed a troll
   427 | D        | Reached skill level 1 in Armour
   427 | D        | Reached skill level 5 in Dodging
   427 | D        | Reached skill level 10 in Unarmed Combat
   427 | D        | Reached XP level 7. HP: 36/49 MP: 0/0
   427 | D        | Learned a level 2 spell: Poisonous Vapours
   435 | D        | Reached skill level 11 in Unarmed Combat
   440 | D        | Reached XP level 8. HP: 24/55 MP: 0/0
   447 | D        | Killed a wyvern
   448 | D        | Reached skill level 12 in Unarmed Combat
   598 | D        | Noticed a troll
   598 | D        | Noticed a troll
   598 | D        | Noticed a wraith
   608 | D        | Killed a troll
   696 | D        | HP: 1/58 [troll (3)]
   697 | D        | Slain by a troll

Illustrated notes

Levels and vault maps discovered:
D:        linesprint [early_d, line_temple, items_1, d_10, items_2, lair_1,
          lair_end, items_3, orc_1, orc_end, items_4, d_15, swamp_1, shoals_1,
          snake_1, spider_1, d_20, vaults_1, items_5, swamp_end, shoals_end,
          snake_end, spider_end, vaults_end, d_27, items_6, zot_1, zot_end,
          crypt_end, forest_end, elf_end, slime_end, tomb_end, abyss_end,
          pan_hell_end]

Skill      XL: |  1  2  3  4  5  6  7  8 |
---------------+-------------------------+-----
Shapeshifting  | 3 4 5 6 7 8 9 |  9.6
Dodging        | 3 4 5 6 |  6.6
Unarmed Combat | 5 7 8 10 11 12 | 12.7
Fighting       | 2 4 |  4.1
Armour         | 1 2 |  2.7
Stealth        | |  0.8

Action                     |  1- 3 |  4- 6 |  7- 9 || total
---------------------------+-------+-------+-------++-------
  Melee: Unarmed           |    20 |    21 |    37 ||    78
         Punch             |     1 |     1 |     2 ||     4
 Invoke: Potion Petition   |       |       |     1 ||     1
    Use: Potion            |     1 |     1 |     6 ||     8
 Armour: Animal skin       |     2 |       |       ||     2
         Skin              |    12 |     3 |       ||    15
         Ring mail         |       |    12 |    45 ||    57
  Dodge: Dodged            |     3 |     6 |    27 ||    36

Table legend: (Time is in decaauts)
 A = Elapsed time spent in this place.
 B = Non-inter-level travel time spent in this place.
 C = Inter-level travel time spent in this place.
 D = Time resting spent in this place.
 E = Time spent auto-exploring this place.
 F = Levels seen in this place.
 G = Mean time per level.
                   A        B        C        D        E       F      G
               +--------+--------+--------+--------+--------+-----+--------+
         Total |    671 |    671 |      0 |    450 |      0 |   1 |  671.0 |
       Dungeon |    671 |    671 |      0 |    450 |      0 |   1 |  671.0 |
               +--------+--------+--------+--------+--------+-----+--------+

Top non-repeatable levels by time:
       D: 671 daAuts
